 Dungeon Crawl Stone Soup version 0.30-a0-920-g7493c07aab (webtiles) character file.

Game seed: 9810163397443664434

7148 jasper the Thaumaturge (level 10, -4/81 HPs)
             Began as a Red Draconian Conjurer on Mar 21, 2023.
             Was an Elder of Vehumet.
             Slain by a rust devil (12 damage)
             ... summoned by an orc high priest
             ... in a bailey.
             The game lasted 00:18:18 (9757 turns).

jasper the Thaumaturge (Red Draconian Conjurer)     Turns: 9757, Time: 00:18:18

Health: -4/81      AC: -8    Str: 15    XL:     10   Next: 86%
Magic:  1/23       EV: 13    Int: 22    God:    Vehumet [****..]
Gold:   310        SH:  0    Dex:  9    Spells: 5/28 levels left

rFire   + . .      SeeInvis +    p - +3 dagger (venom)
rCold   . . .      Faith    .    (no shield)
rNeg    . . .      Spirit   .    (body armour unavailable)
rPois   +          Reflect  .    (helmet restricted)
rElec   .          Rampage  .    z - +0 cloak {Will+}
rCorr   .                        (no gloves)
Will    +....                    (no boots)
Stlth   ++                       (no amulet)
HPRegen 0.33/turn                n - ring of Ashenzari's Favour {rPois Str+4 SInv}
MPRegen 0.18/turn                (no ring)

@: lethally poisoned (-4 -> -32), corroded
A: breathe fire, AC +7, unfitting armour, fire resistance 1, cold-blooded
a: Breathe Fire, Renounce Religion


You were in a bailey.
You worshipped Vehumet.
Vehumet was greatly pleased with you.
You visited 1 branch of the dungeon, and saw 9 of its levels.
You also visited: Bailey.

You collected 310 gold pieces.

Inventory:

Hand Weapons
 c - a +1 whip of flaming
 p - a +3 dagger of venom (weapon)
Missiles
 i - 7 boomerangs
 o - 25 poisoned darts
Armour
 u - a +0 cloak
 z - a +0 cloak of willpower (worn)
Magical Staves
 s - a staff of poison
Jewellery
 a - an amulet of regeneration
 k - a ring of flight
 n - the ring of Ashenzari's Favour (left hand) {rPois Str+4 SInv}
   (You found it on level 4 of the Dungeon)

   [ring of poison resistance]

   Str:       It affects your strength (+4).
   rPois:     It protects you from poison.
   SInv:      It lets you see invisible.
Wands
 q - a wand of quicksilver (7)
 x - a wand of mindburst (31)
 y - a wand of iceblast (11)
Scrolls
 d - 7 scrolls of teleportation
 e - a scroll of enchant armour
 r - 3 scrolls of butterflies
 w - 3 scrolls of identify
Potions
 b - 2 potions of flight
 f - a potion of heal wounds
 g - 6 potions of mutation
 h - a potion of attraction
 j - 2 potions of brilliance
 l - 4 potions of lignification {unknown}
 m - 4 potions of curing {unknown}
 t - a potion of might {unknown}
 v - 2 potions of degeneration {unknown}
 A - a potion of resistance


   Skills:
 + Level 5.4 Fighting
 + Level 5.0 Dodging
 - Level 1.7 Stealth
 * Level 9.5 Spellcasting
 - Level 6.6 Conjurations
 - Level 6.3 Hexes
 - Level 4.1 Translocations
 - Level 5.1 Transmutations


You had 5 spell levels left.
You knew the following spells:

 Your Spells              Type           Power      Damage    Failure   Level
a - Magic Dart            Conj           100%       1d8       1%          1
b - Searing Ray           Conj           78%        2d7       1%          2
c - Dazzling Flash        Conj/Hex       78%        N/A       1%          3
d - Fulminant Prism       Conj/Hex       19%        3d10      1%          4
e - Iskenderun's Mystic   Conj/Tloc      34%        2d8       1%          4
f - Yara's Violent Unrav  Hex/Tmut       17%        3d8       4%          5
g - Apportation           Tloc           56%        N/A       1%          1
h - Mephitic Cloud        Conj/Pois/Air  20%        N/A       2%          3

Your spell library contained the following spells:

 Spells                   Type           Power      Damage    Failure   Level
 Frozen Ramparts          Ice            20%        1d4       5%          3
 Beastly Appendage        Tmut           66%        N/A       1%          1
 Wereblood                Tmut           33%        N/A       1%          2
 Inner Flame              Hex/Fire       24%        N/A       1%          3
 Cause Fear               Hex            19%        N/A       4%          4
 Necrotise                Necr           40%        1d6       6%          1
 Summon Small Mammal      Summ           40%        N/A       6%          1
 Spider Form              Tmut/Pois      21%        N/A       7%          3
 Enfeeble                 Hex            19%        N/A       99%         7
 Discord                  Hex            19%        N/A       100%        8


Dungeon Overview and Level Annotations

Branches:
Dungeon (9/15)             Temple (0/1) D:7          Bailey (1/1)
   Lair: D:8-11         Orc: D:9-12

Altars:
Elyvilon
Hepliaklqana
Kikubaaqudgha
Vehumet
Zin

Shops:
D:1 !

Annotations:
D:5 Duvessa
D:7 1 runed translucent door, Demosthentine's ghost, novice DsGl


Innate Abilities, Weirdness & Mutations

You can breathe blasts of fire.
Your fiery red scales are hard. (AC +7)
You cannot fit into any form of body armour.
Your flesh is heat resistant. (rF+)
You are cold-blooded and may be slowed by cold attacks.


Message History

The orc high priest easily resists.
The orc high priest hits you with a +0 broad axe of flaming!
The orc high priest burns you. The rust devil hits you.
The rust devil corrodes you!
You take 12 damage, and have 62/81 hp.
You hit the orc high priest but do no damage.
The orc high priest looks as sick as possible!
The orc high priest is severely wounded.
You have got your breath back.
The orange demon stings you from afar. The orc high priest misses you.
The rust devil completely misses you.
You take 4 damage, and have 58/81 hp.
You hit the orc high priest.
The orc high priest looks as sick as possible!
The orc high priest is severely wounded.
The orange demon stings you from afar.
The orc high priest hits you with a +0 broad axe of flaming!
The orc high priest burns you. The rust devil hits you.
The rust devil corrodes you!
You take 24 damage, and have 34/81 hp.
MASSIVE DAMAGE!!
Okay, then.
Casting: Iskenderun's Mystic Blast (dangerous; 1% risk of failure)
Confirm with . or Enter, or press ? or * to list all spells.
Aiming: Searing Ray (safe; 1% risk of failure)
Press: ? - help, Shift-Dir - straight line, f/p - orc high priest
Aim: an orc high priest, wielding a +0 broad axe of flaming and wearing a +0 chain mail (severely wounded, extremely poisoned, 81% to hit)
The searing ray hits the orc high priest.
The orc high priest is almost dead.
The searing ray hits the orange demon.
The orange demon is moderately wounded. (Press . to maintain the ray.)
The orange demon stings you from afar!
You are lethally poisoned!
The orange demon poisons you!
The orc high priest hits you with a +0 broad axe of flaming!
* * * LOW HITPOINT WARNING * * *
The orc high priest burns you.
* * * LOW HITPOINT WARNING * * *
The rust devil hits you!
You die...

#'## #..# ≈≈≈≈
#.)# ≈≈≈≈ #).#
~≈≈≈≈ #.)#
~≈≈≈ #..#.~≈
### ##'#4# #.)
#4.o.# #.)
#.@..#
##.######..###
..∩....)...+
~~~~~~~~####
≈≈≈≈≈≈≈≈≈
≈≈≈≈≈≈≈≈≈≈
≈≈≈≈≈≈≈≈≈≈≈
≈≈≈≈≈≈≈≈≈≈≈≈
≈≈≈≈≈≈≈≈≈≈≈≈≈


You could see an orc high priest (extremely poisoned), an orange demon
(summoned) and a rust devil (summoned).

Vanquished Creatures
  A two-headed ogre (D:9)
  2 orc knights (Bailey)
  Maurice (D:8)
  Psyche (D:8)
  5 yaks (D:8)
  2 steam dragons
  Edmund (D:6)
  8 orc warriors (Bailey)
  3 sky beasts (D:7)
  4 ice beasts
  A black bear (D:5)
  2 centaurs
  An ogre (D:4)
  3 kobold brigands
  A gnoll sergeant (D:9)
  4 bullfrogs
  3 scorpions
  3 wights (D:8)
  9 killer bees
  4 howler monkeys
  3 electric eels (Bailey)
  4 hounds
  4 jellies
  4 orc priests
  An iguana (D:4)
  A sleepcap (D:6)
  3 orc wizards
  9 gnolls
  11 adders
  2 shadow imps
  An ufetubus (D:6)
  3 worms
  5 dart slugs
  25 orcs
  11 ball pythons
  2 endoplasms
  4 giant cockroaches
  5 goblins
  12 hobgoblins
  6 jackals (D:4)
  20 kobolds
  3 quokkas
  A bat (D:2)
  A frilled lizard (D:1)
  3 rats
203 creatures vanquished.

Vanquished Creatures (others)
  6 fulminant prisms
  8 plants (D:7)
14 creatures vanquished.

Grand Total: 217 creatures vanquished

Notes
Turn   | Place    | Note
-------+----------+-------------------------------------------
     0 | D:1      | jasper the Draconian Conjurer began the quest for the Orb.
     0 | D:1      | Reached XP level 1. HP: 14/14 MP: 3/3
   333 | D:1      | Found Niti's Distillery.
   600 | D:1      | Found a faded altar of an unknown god.
   888 | D:2      | Reached XP level 2. HP: 20/20 MP: 0/5
  1164 | D:2      | Reached XP level 3. HP: 26/26 MP: 0/7
  1167 | D:2      | Learned a level 2 spell: Searing Ray
  1171 | D:2      | Learned a level 3 spell: Dazzling Flash
  1592 | D:2      | Reached skill level 3 in Spellcasting
  1937 | D:3      | Reached skill level 5 in Conjurations
  1937 | D:3      | Reached XP level 4. HP: 6/33 MP: 6/9
  2312 | D:3      | Found a white marble altar of Elyvilon.
  2598 | D:4      | Reached XP level 5. HP: 16/38 MP: 0/10
  2757 | D:4      | Found a radiant altar of Vehumet.
  2759 | D:4      | Found an ancient bone altar of Kikubaaqudgha.
  2766 | D:4      | Became a worshipper of Vehumet
  2917 | D:4      | Noticed an ogre
  2922 | D:4      | Killed an ogre
  2923 | D:4      | Reached skill level 4 in Spellcasting
  2984 | D:4      | Reached XP level 6. HP: 45/45 MP: 9/12
  3053 | D:4      | Identified the ring of Ashenzari's Favour {rPois Str+4
                  | SInv}
  3604 | D:4      | Reached * piety under Vehumet
  3604 | D:4      | Offered knowledge of Kiss of Death by Vehumet.
  3996 | D:4      | Found a hazy altar of Hepliaklqana.
  4573 | D:5      | Entered Level 5 of the Dungeon
  4655 | D:5      | Reached skill level 5 in Spellcasting
  4766 | D:5      | Found a glowing silver altar of Zin.
  4806 | D:5      | Your scales start taking on a fiery red colour.
  4806 | D:5      | Reached XP level 7. HP: 50/50 MP: 9/14
  4806 | D:5      | Gained mutation: Your flesh is heat resistant. (rF+) [Red
                  | Draconian growth]
  4815 | D:5      | Learned a level 4 spell: Fulminant Prism
  4820 | D:5      | Learned a level 4 spell: Iskenderun's Mystic Blast
  4893 | D:5      | Reached skill level 1 in Translocations
  4948 | D:5      | Reached skill level 1 in Hexes
  5328 | D:5      | Noticed Duvessa
  5355 | D:6      | Noticed Edmund
  5553 | D:5      | Reached XP level 8. HP: 57/57 MP: 9/15
  5761 | D:6      | Killed Edmund
  5884 | D:6      | Offered knowledge of Static Discharge by Vehumet.
  5885 | D:6      | Reached skill level 1 in Fighting
  6315 | D:7      | Noticed Demosthentine's ghost (novice DsGl)
  6316 | D:7      | Found a runed translucent door.
  6384 | D:7      | Found a staircase to the Ecumenical Temple.
  6399 | D:7      | Reached ** piety under Vehumet
  6423 | D:7      | Reached skill level 6 in Spellcasting
  6990 | D:7      | Reached XP level 9. HP: 71/71 MP: 18/18
  6996 | D:7      | Learned a level 5 spell: Yara's Violent Unravelling
  6998 | D:7      | Learned a level 1 spell: Apportation
  7341 | D:8      | Noticed Psyche
  7353 | D:8      | Killed Psyche
  7354 | D:8      | Reached skill level 1 in Transmutations
  7457 | D:8      | Noticed Maurice
  7476 | D:8      | Killed Maurice
  7477 | D:8      | Reached skill level 5 in Hexes
  7795 | D:8      | Noticed a centaur warrior
  7795 | D:8      | Noticed a cyclops
  7795 | D:8      | Noticed a two-headed ogre
  7796 | D:8      | Noticed a troll
  7796 | D:8      | Noticed a manticore
  7796 | D:8      | Noticed a cyclops
  7796 | D:8      | Noticed a manticore
  7797 | D:8      | Noticed a green ugly thing
  7797 | D:8      | Noticed a cyclops
  7797 | D:8      | Noticed a troll
  7806 | D:8      | Noticed a two-headed ogre
  8182 | D:8      | Offered knowledge of Mephitic Cloud by Vehumet.
  8183 | D:8      | Reached skill level 5 in Transmutations
  8325 | D:8      | Reached skill level 7 in Spellcasting
  8325 | D:8      | Reached XP level 10. HP: 78/78 MP: 10/20
  8661 | D:9      | Reached *** piety under Vehumet
  8664 | D:9      | Noticed a two-headed ogre
  8727 | D:9      | Noticed a two-headed ogre
  8729 | D:9      | Killed a two-headed ogre
  8730 | D:9      | Reached skill level 8 in Spellcasting
  8864 | D:9      | Learned a level 3 spell: Mephitic Cloud
  8962 | D:9      | Offered knowledge of Airstrike by Vehumet.
  9001 | D:9      | Found a flagged portal.
  9043 | Bailey   | Entered a bailey
  9327 | Bailey   | Noticed an orc knight
  9343 | Bailey   | Killed an orc knight
  9344 | Bailey   | Reached skill level 9 in Spellcasting
  9377 | Bailey   | Reached **** piety under Vehumet
  9491 | Bailey   | Offered knowledge of Frozen Ramparts by Vehumet.
  9622 | Bailey   | Reached skill level 5 in Fighting
  9718 | Bailey   | Noticed an orc knight
  9730 | Bailey   | Killed an orc knight
  9731 | Bailey   | Reached skill level 5 in Dodging
  9733 | Bailey   | Noticed an orc high priest
  9751 | Bailey   | Noticed a rust devil
  9751 | Bailey   | Noticed an orange demon
  9757 | Bailey   | Slain by a rust devil

Illustrated notes

Levels and vault maps discovered:
D:1:      tekkud_arrival_beachfront_property, layout_loops_corners,
          shapermc_ecumenical_altar_starsandcircs, serial_shops, shop_fountains,
          grunt_decor_junction
D:2:      layout_basic, feat_on_display
D:3:      layout_rooms, marbit_many_paths
D:4:      layout_layer_cave, nzn_hepliaklqana_mist_gate,
          chequers_temple_overflow_statue_of_worship
D:5:      layout_cave_pods, zin_academy, nrook_campfire,
          guppyfry_early_lair_pool, uniq_duvessa
D:6:      layout_rooms, dreamdust_wishing_well, uniq_edmund
D:7:      layout_basic, minmay_temple_entry_gardened_gates,
          hellmonk_ghost_happy_afterlife
D:8:      layout_gridville, minivault_12, uniq_maurice, uniq_psyche
D:9:      layout_long_grid, nicolae_sif_muna_little_library,
          mainiacjoe_overflow_concentric_impassable, enter_bailey_4,
          wad_dig_loot
Bailey:   bailey_axe_of_yendor_kennysheep, bailey

Skill      XL: |  1  2  3  4  5  6  7  8  9 10 |
---------------+-------------------------------+-----
Spellcasting   | 3 4 5 6 7 9 |  9.5
Conjurations   | 5 6 |  6.6
Translocations | 3 4 |  4.1
Hexes          | 3 4 6 |  6.3
Fighting       | 3 5 |  5.4
Dodging        | 3 5 |  5.0
Transmutations | 5 |  5.1
Stealth        | |  1.7

Action                     |  1- 3 |  4- 6 |  7- 9 | 10-12 || total
---------------------------+-------+-------+-------+-------++-------
  Melee: Whip              |    14 |    11 |       |       ||    25
         Tailslap          |       |     2 |     2 |     3 ||     7
         Punch             |       |     1 |       |     1 ||     2
         Dagger            |       |     1 |    47 |    20 ||    68
   Cast: Magic Dart        |    65 |   115 |   101 |    65 ||   346
         Searing Ray       |     1 |     6 |    36 |    10 ||    53
         Fulminant Prism   |       |       |     1 |     5 ||     6
         Dazzling Flash    |       |       |     1 |       ||     1
         Yara's Violent Un |       |       |     1 |       ||     1
         Iskenderun's Myst |       |       |       |    15 ||    15
         Mephitic Cloud    |       |       |       |     7 ||     7
Ability: Breathe Fire      |       |       |    20 |    16 ||    36
  Evoke: Wand              |       |       |       |     7 ||     7
    Use: Scroll            |     2 |     5 |     3 |     4 ||    14
         Potion            |     1 |       |       |       ||     1
 Armour: Skin              |     8 |     4 |    62 |    10 ||    84
  Dodge: Dodged            |    14 |    10 |    57 |    31 ||   112

Table legend: (Time is in decaauts)
 A = Elapsed time spent in this place.
 B = Non-inter-level travel time spent in this place.
 C = Inter-level travel time spent in this place.
 D = Time resting spent in this place.
 E = Time spent auto-exploring this place.
 F = Levels seen in this place.
 G = Mean time per level.
                   A        B        C        D        E       F      G
               +--------+--------+--------+--------+--------+-----+--------+
         Total |   9761 |   9381 |    380 |    651 |   7423 |  10 |  976.1 |
       Dungeon |   9048 |   8668 |    380 |    381 |   7158 |   9 | 1005.3 |
        Bailey |    713 |    713 |      0 |    270 |    265 |   1 |  713.0 |
               +--------+--------+--------+--------+--------+-----+--------+

Top non-repeatable levels by time:
     D:4: 2049 daAuts
     D:7: 1451 daAuts
     D:8: 1427 daAuts
     D:5: 1126 daAuts
     D:2: 941 daAuts
     D:1: 880 daAuts
  Bailey: 713 daAuts
     D:3: 701 daAuts
     D:9: 277 daAuts
     D:6: 191 daAuts
